 Dungeon Crawl Stone Soup version 0.30.0-7-g0c4daa9e05 (webtiles) character file.

Game seed: 13591076681277284918

127 Gabide the Grave Robber (level 4, -14/33 HPs)
             Began as a Demonspawn Wanderer on May 13, 2023.
             Killed by divine providence
             ... invoked by an orc priest
              (16 damage)
             ... on level 4 of the Dungeon.
             The game lasted 00:09:14 (3817 turns).

Gabide the Grave Robber (Demonspawn Wanderer)       Turns: 3817, Time: 00:09:15

Health: -14/33     AC:  7    Str: 16    XL:     4   Next: 85%
Magic:  0/7        EV: 11    Int: 22    God:
Gold:   85         SH:  0    Dex: 14    Spells: 5/7 levels left

rFire   . . .        a - +0 dagger
rCold   . . .        (no shield)
rNeg    . . .        c - +0 robe
rPois   .            o - +2 helmet
rElec   .            (no cloak)
rCorr   .            (no gloves)
SInv    .            e - +1 pair of boots
Will    .....        f - amulet of regeneration
Stlth   ++           j - +6 ring of strength
HPRegen 1.05/turn    g - +6 ring of intelligence
MPRegen 0.10/turn

%: no passive effects
@: very slightly contaminated
A: demonic magic 2
a: no special abilities


You were on level 4 of the Dungeon.
You visited 1 branch of the dungeon, and saw 4 of its levels.

You collected 85 gold pieces.

Inventory:

Hand Weapons
 a - a +0 dagger (weapon)
Armour
 c - a +0 robe (worn)
 e - a +1 pair of boots (worn)
 o - a +2 helmet (worn)
Jewellery
 f - an amulet of regeneration (around neck)
 g - a +6 ring of intelligence (right hand)
 j - a +6 ring of strength (left hand)
Wands
 n - a wand of polymorph (15)
Scrolls
 b - 2 scrolls of teleportation
Potions
 d - 5 potions of curing
 h - a potion of mutation
 i - a potion of haste {unknown}
 l - a potion of cancellation {unknown}


   Skills:
 - Level 2.0 Fighting
 - Level 2.0 Short Blades
 - Level 2.0 Stealth
 - Level 2.0 Spellcasting
 + Level 4.2 Necromancy
 - Level 1.7 Translocations
 - Level 2.0 Invocations
 - Level 1.0 Evocations


You had 5 spell levels left.
You knew the following spells:

 Your Spells              Type           Power      Damage    Failure   Level
a - Necrotise             Necr           80%        1d8       2%          1
b - Kiss of Death         Conj/Necr      44%        2d8       6%          1

Your spell library contained the following spells:

 Spells                   Type           Power      Damage    Failure   Level
 Apportation              Tloc           18%        N/A       7%          1
 Foxfire                  Conj/Fire      8%         2x1d4     14%         1
 Summon Small Mammal      Summ           8%         N/A       14%         1
 Animate Dead             Necr           20%        N/A       24%         4
 Portal Projectile        Hex/Tloc       12%        N/A       28%         3
 Vhi's Electric Charge    Tloc/Air       12%        N/A       28%         3
 Call Canine Familiar     Summ           2%         N/A       38%         3
 Summon Guardian Golem    Hex/Summ       2%         N/A       38%         3
 Leda's Liquefaction      Hex/Erth       1%         N/A       80%         4
 Fireball                 Conj/Fire      1%         3d3       98%         5
 Plasma Beam              Fire/Air       1%         2x1d12    100%        6
 Starburst                Conj/Fire      1%         6d3       100%        6


Dungeon Overview and Level Annotations

Branches:
Dungeon (4/15)
 Temple: D:4-7

Altars:
Fedhas


Innate Abilities, Weirdness & Mutations

Spells you cast may paralyse nearby enemies.


Message History

You hit the orc priest.
The orc priest is heavily wounded.
The orc priest barely misses you.
You hit the orc priest but do no damage.
The orc priest is heavily wounded.
The orc priest mumbles some strange prayers to Beogh against you.
Pain shoots through your body!
Your orc skeleton barely misses the orc priest.
You miscast Necrotise.
You are very lightly contaminated with residual magic.
Nothing appears to happen.
The orc priest barely misses you.
Your orc skeleton hits the orc priest but does no damage.
You hit the orc priest but do no damage.
The orc priest is heavily wounded.
The orc priest hits you with a +0 short sword.
Your orc skeleton barely misses the orc priest.
You hit the orc priest but do no damage.
The orc priest is heavily wounded.
The orc priest calls down the wrath of Beogh upon you.
Pain shoots through your body!
You are too injured to fight recklessly!
You hit the orc priest.
The orc priest is severely wounded.
Your orc skeleton hits the orc priest but does no damage.
The orc priest closely misses you.
You hit the orc priest but do no damage.
The orc priest is severely wounded.
Your orc skeleton hits the orc priest.
The orc priest hits your orc skeleton with a +0 short sword.
You hit the orc priest but do no damage.
The orc priest is severely wounded.
The orc priest calls down the wrath of Beogh upon you.
Beogh smites you!
* * * LOW HITPOINT WARNING * * *
Your orc skeleton hits the orc priest but does no damage.
You hit the orc priest.
The orc priest is severely wounded.
The orc priest calls down the wrath of Beogh upon you.
Beogh smites you!
You die...

# #. #####.######
.........$.+
.....Zo@.#
###########.#
#..)......#.#
#.#######.#.#
#.#<......#.#
#.#########'#####
#...............#
##########......#
#......#


You could see an orc priest (ally target) and a friendly orc skeleton.

Vanquished Creatures
  An orc wizard (D:3)
  A gnoll (D:1)
  2 adders (D:3)
  6 orcs
  6 endoplasms
  2 giant cockroaches
  10 goblins
  4 hobgoblins (D:1)
  3 jackals (D:1)
  4 quokkas
  4 ball pythons
  3 bats
  4 frilled lizards
  6 kobolds
  7 rats
63 creatures vanquished.

Vanquished Creatures (collateral kills)
  A ball python (D:1)
  A jackal (D:1)
  A rat (D:1)
3 creatures vanquished.

Grand Total: 66 creatures vanquished

Notes
Turn   | Place    | Note
-------+----------+-------------------------------------------
     0 | D:1      | Gabide the Demonspawn Wanderer began the quest for the Orb.
     0 | D:1      | Gabide set off with the following items: a +0 dagger, a
                  | scroll of teleportation, a +0 robe, a +0 pair of boots; and
                  | the following spells available to memorise: Necrotise,
                  | Apportation, Kiss of Death, Vhi's Electric Charge, Animate
                  | Dead.
     0 | D:1      | Reached XP level 1. HP: 13/13 MP: 3/3
     2 | D:1      | Learned a level 1 spell: Necrotise
     4 | D:1      | Learned a level 1 spell: Kiss of Death
   219 | D:1      | Gained mutation: Spells you cast may paralyse adjacent
                  | enemies. [demonic ancestry]
   219 | D:1      | Reached XP level 2. HP: 16/19 MP: 0/5
   226 | D:1      | Reached skill level 4 in Necromancy
   387 | D:1      | Reached skill level 1 in Fighting
   747 | D:1      | Gained mutation: Spells you cast may paralyse nearby
                  | enemies. [demonic ancestry]
   747 | D:1      | Reached XP level 3. HP: 27/27 MP: 3/6
  1128 | D:1      | Reached skill level 1 in Short Blades
  1454 | D:2      | Found a faded altar of an unknown god.
  1934 | D:2      | Identified the +3 hand axe "Vufipyn" {heavy, rC+}
  2050 | D:2      | Found a blossoming altar of Fedhas.
  2476 | D:3      | Reached XP level 4. HP: 33/33 MP: 2/7
  3816 | D:4      | HP: 1/33 [orc priest/divine providence (13)]
  3817 | D:4      | Killed from afar by an orc priest

Illustrated notes

Levels and vault maps discovered:
D:1:      nicolae_arrival_memento_mori, layout_loops_ring, minivault_4,
          grunt_decor_junction
D:2:      layout_basic, basic_altar, shapermc_ecumenical_altar_mp_ritualfount
D:3:      layout_basic, wad_floor_pattern_untrapped
D:4:      layout_basic, grunt_ministairs_4

Skill      XL: |  1  2  3  4 |
---------------+-------------+-----
Necromancy     | 4 |  4.2
Fighting       | 1 2 |  2.0
Short Blades   | 1 2 |  2.0
Stealth        | 2 |  2.0
Invocations    | 2 |  2.0
Spellcasting   | |  2.0
Translocations | |  1.7
Evocations     | |  1.0

Action                     |  1- 3 |  4- 6 || total
---------------------------+-------+-------++-------
  Melee: Dagger            |    24 |    39 ||    63
         Punch             |     1 |       ||     1
   Cast: Necrotise         |    83 |    32 ||   115
    Use: Scroll            |     4 |     2 ||     6
         Potion            |       |     1 ||     1
   Stab: Paralysed         |     5 |     5 ||    10
         Sleeping          |       |     1 ||     1
 Armour: Robe              |    10 |     4 ||    14
  Dodge: Dodged            |    26 |     5 ||    31
